| TOP OF THE 1ST |
|
Reading Fightin Phils batting - Pitching for Pensacola Blue Wahoos : RHP Matt Johnson
|
|
Pitching: RHP Matt Johnson
|
|
|
Batting: RHB Steve Jones
|
0-0: Fly out, F7 (Line Drive, 7, EV 95.6 MPH)
|
|
Batting: RHB Chris Myers
|
0-0: Called Strike 0-1: Ball 1-1: Swinging Strike 1-2: Fly out, F8 (Flyball, 8RD, EV 89.4 MPH)
|
|
Batting: RHB Alan Weller
|
0-0: SOLO HOME RUN (Flyball, 7D, EV 97.5 MPH), Distance : 375 ft
|
|
Batting: LHB Josh George
|
0-0: Called Strike 0-1: Foul Ball, location: 2F 0-2: Strikes out swinging
|
| Top of the 1st over - 1 run, 1 hit, 0 errors, 0 left on base; Reading 1 - Pensacola 0 |
| BOTTOM OF THE 1ST |
|
Pensacola Blue Wahoos batting - Pitching for Reading Fightin Phils : RHP Jeff Dailey
|
|
Pitching: RHP Jeff Dailey
|
|
|
Batting: SHB Bryan Johnston
|
0-0: Ball 1-0: Called Strike 1-1: Ball 2-1: Foul Ball, location: 2F 2-2: Strikes out swinging
|
|
Batting: RHB Dusty Pollert
|
0-0: Ball 1-0: Ball 2-0: Called Strike 2-1: Ground out 4-3 (Groundball, 4, EV 110.0 MPH)
|
|
Batting: RHB Jon Marquez
|
0-0: Called Strike 0-1: Fly out, F9 (Flyball, 9S, EV 90.6 MPH)
|
| Bottom of the 1st over - 0 runs, 0 hits, 0 errors, 0 left on base; Reading 1 - Pensacola 0 |
| TOP OF THE 2ND |
|
Reading Fightin Phils batting - Pitching for Pensacola Blue Wahoos : RHP Matt Johnson
|
|
Batting: RHB Matt McDevitt
|
0-0: Called Strike 0-1: Ground out 4-3 (Groundball, 4, EV 87.5 MPH)
|
|
Batting: LHB Rich Kuehne
|
0-0: Ball 1-0: Ball 2-0: Ball 3-0: Called Strike 3-1: DOUBLE (Groundball, 5L, EV 100.0 MPH)
|
|
Batting: RHB Seung-mun Kim
|
0-0: Called Strike 0-1: Ball 1-1: Ball 2-1: Called Strike 2-2: Fly out, F8 (Flyball, 89D, EV 103.1 MPH) Runner from 2nd tags up, SAFE at 3rd, no throw by CF
|
|
Batting: RHB Cory Bonham
|
0-0: Ball 1-0: Foul Ball, location: 2F 1-1: Called Strike 1-2: Ball 2-2: Fly out, F8 (Flyball, 8RS, EV 85.6 MPH)
|
| Top of the 2nd over - 0 runs, 1 hit, 0 errors, 1 left on base; Reading 1 - Pensacola 0 |
| BOTTOM OF THE 2ND |
|
Pensacola Blue Wahoos batting - Pitching for Reading Fightin Phils : RHP Jeff Dailey
|
|
Batting: RHB Tim Wormell
|
0-0: Called Strike 0-1: Fly out, F7 (Flyball, 78D, EV 96.2 MPH)
|
|
Batting: LHB Nick Nino
|
0-0: Ground out 5-3 (Groundball, 5, EV 91.9 MPH)
|
|
Batting: RHB Ryan Short
|
0-0: Ball 1-0: Swinging Strike 1-1: Foul Ball, location: 2F 1-2: Ground out 6-3 (Groundball, 6, EV 83.8 MPH)
|
| Bottom of the 2nd over - 0 runs, 0 hits, 0 errors, 0 left on base; Reading 1 - Pensacola 0 |
| TOP OF THE 3RD |
|
Reading Fightin Phils batting - Pitching for Pensacola Blue Wahoos : RHP Matt Johnson
|
|
Batting: RHB Allen Deschamps
|
0-0: Ball 1-0: Called Strike 1-1: Fly out, F3 (Flyball, 3D, EV 86.2 MPH)
|
|
Batting: RHB Steve Jones
|
0-0: Ball 1-0: Called Strike 1-1: Foul Ball, location: 2F 1-2: Strikes out swinging
|
|
Batting: RHB Chris Myers
|
0-0: Called Strike 0-1: Ball 1-1: Ground out 6-3 (Groundball, 6, EV 91.9 MPH)
|
| Top of the 3rd over - 0 runs, 0 hits, 0 errors, 0 left on base; Reading 1 - Pensacola 0 |
| BOTTOM OF THE 3RD |
|
Pensacola Blue Wahoos batting - Pitching for Reading Fightin Phils : RHP Jeff Dailey
|
|
Batting: RHB Ben Hinman
|
0-0: Ball 1-0: Foul Ball, location: 2F 1-1: Swinging Strike 1-2: Strikes out looking
|
|
Batting: RHB Matt Silva
|
0-0: Called Strike 0-1: Ball 1-1: Fly out, F8 (Flyball, 8RD, EV 102.5 MPH)
|
|
Batting: RHB Kagetoki Kawai
|
0-0: Called Strike 0-1: Ball 1-1: Called Strike 1-2: Ball 2-2: Foul Ball, location: 2F 2-2: Strikes out swinging
|
| Bottom of the 3rd over - 0 runs, 0 hits, 0 errors, 0 left on base; Reading 1 - Pensacola 0 |
| TOP OF THE 4TH |
|
Reading Fightin Phils batting - Pitching for Pensacola Blue Wahoos : RHP Matt Johnson
|
|
Batting: RHB Alan Weller
|
0-0: Ball 1-0: Ball 2-0: Ground out 5-3 (Groundball, 5L, EV 90.6 MPH)
|
|
Batting: LHB Josh George
|
0-0: Called Strike 0-1: Swinging Strike 0-2: Foul Ball, location: 2F 0-2: Strikes out swinging
|
|
Batting: RHB Matt McDevitt
|
0-0: Ball 1-0: Swinging Strike 1-1: Swinging Strike 1-2: Strikes out looking
|
| Top of the 4th over - 0 runs, 0 hits, 0 errors, 0 left on base; Reading 1 - Pensacola 0 |
| BOTTOM OF THE 4TH |
|
Pensacola Blue Wahoos batting - Pitching for Reading Fightin Phils : RHP Jeff Dailey
|
|
Batting: SHB Bryan Johnston
|
0-0: Ball 1-0: Ball 2-0: Ball 3-0: Called Strike 3-1: Called Strike 3-2: Ground out 6-3 (Groundball, 56, EV 84.4 MPH)
|
|
Batting: RHB Dusty Pollert
|
0-0: Called Strike 0-1: Ball 1-1: Ground out 6-3 (Groundball, 6, EV 85.6 MPH)
|
|
Batting: RHB Jon Marquez
|
0-0: Ball 1-0: Ball 2-0: SINGLE (Flyball, 3D, EV 91.2 MPH)
|
|
Batting: RHB Tim Wormell
|
0-0: Ball 1-0: Called Strike Jon Marquez is caught stealing 2nd base 2-4
|
| Bottom of the 4th over - 0 runs, 1 hit, 0 errors, 0 left on base; Reading 1 - Pensacola 0 |
| TOP OF THE 5TH |
|
Reading Fightin Phils batting - Pitching for Pensacola Blue Wahoos : RHP Matt Johnson
|
|
Batting: LHB Rich Kuehne
|
0-0: Ball 1-0: Foul Ball, location: 2F 1-1: Ball 2-1: Swinging Strike 2-2: Strikes out swinging
|
|
Batting: RHB Seung-mun Kim
|
0-0: Ball 1-0: Ball 2-0: Foul Ball, location: 2F 2-1: Swinging Strike 2-2: SOLO HOME RUN (Flyball, 9D, EV 95.0 MPH), Distance : 380 ft
|
|
Batting: RHB Cory Bonham
|
0-0: Ball 1-0: Ground out U3 (Groundball, 3, EV 80.6 MPH)
|
|
Batting: RHB Allen Deschamps
|
0-0: Foul Ball, location: 2F 0-1: Fly out, F9 (Flyball, 9LM, EV 95.0 MPH)
|
| Top of the 5th over - 1 run, 1 hit, 0 errors, 0 left on base; Reading 2 - Pensacola 0 |
| BOTTOM OF THE 5TH |
|
Pensacola Blue Wahoos batting - Pitching for Reading Fightin Phils : RHP Jeff Dailey
|
|
Batting: RHB Tim Wormell
|
0-0: Foul Ball, location: 2F 0-1: Ball 1-1: Swinging Strike 1-2: Strikes out swinging
|
|
Batting: LHB Nick Nino
|
0-0: Ball 1-0: Swinging Strike 1-1: Called Strike 1-2: Ball 2-2: Strikes out looking
|
|
Batting: RHB Ryan Short
|
0-0: SINGLE (Groundball, 56D, EV 98.1 MPH)
|
|
Batting: RHB Ben Hinman
|
0-0: Ball 1-0: Ball 2-0: Foul Ball, location: 2F 2-1: Foul Ball, location: 2F 2-2: Foul Ball, location: 2F 2-2: Foul Ball, location: 2F 2-2: Strikes out swinging
|
| Bottom of the 5th over - 0 runs, 1 hit, 0 errors, 1 left on base; Reading 2 - Pensacola 0 |
| TOP OF THE 6TH |
|
Reading Fightin Phils batting - Pitching for Pensacola Blue Wahoos : RHP Matt Johnson
|
|
Batting: RHB Steve Jones
|
0-0: SINGLE (Groundball, 34D, EV 96.9 MPH)
|
|
Batting: RHB Chris Myers
|
0-0: Ball 1-0: Reached on error, E4 (Groundball, 34, EV 80.6 MPH) Steve Jones to second
|
|
Batting: RHB Alan Weller
|
0-0: Ball Wild Pitch! Steve Jones to third Chris Myers to second 1-0: Ball 2-0: Ball 3-0: Called Strike 3-1: Swinging Strike 3-2: Strikes out looking
|
|
Batting: LHB Josh George
|
0-0: Intentional Walk
|
|
Batting: RHB Matt McDevitt
|
0-0: Called Strike 0-1: Called Strike 0-2: Ball 1-2: Strikes out looking
|
|
Batting: LHB Rich Kuehne
|
0-0: Swinging Strike 0-1: Ball 1-1: Ball 2-1: Ground out 4-3 (Groundball, 4, EV 86.9 MPH)
|
| Top of the 6th over - 0 runs, 1 hit, 1 error, 3 left on base; Reading 2 - Pensacola 0 |
| BOTTOM OF THE 6TH |
|
Pensacola Blue Wahoos batting - Pitching for Reading Fightin Phils : RHP Jeff Dailey
|
|
Batting: RHB Matt Silva
|
0-0: Fly out, F9 (Flyball, 9D, EV 76.9 MPH)
|
|
Batting: RHB Kagetoki Kawai
|
0-0: Called Strike 0-1: Fly out, F3 (Popup, 3, EV 53.1 MPH)
|
|
Batting: SHB Bryan Johnston
|
0-0: Ball 1-0: Ball 2-0: Called Strike 2-1: Called Strike 2-2: Strikes out looking
|
| Bottom of the 6th over - 0 runs, 0 hits, 0 errors, 0 left on base; Reading 2 - Pensacola 0 |
| TOP OF THE 7TH |
|
Reading Fightin Phils batting - Pitching for Pensacola Blue Wahoos : RHP Matt Johnson
|
|
Batting: RHB Seung-mun Kim
|
0-0: Ball 1-0: Fly out, F9 (Flyball, 9, EV 84.4 MPH)
|
|
Batting: RHB Cory Bonham
|
0-0: Foul Ball, location: 2F 0-1: DOUBLE (Flyball, 89D, EV 96.2 MPH)
|
|
Batting: RHB Allen Deschamps
|
0-0: Ball 1-0: Called Strike 1-1: Foul Ball, location: 2F 1-2: Foul Ball, location: 2F 1-2: Ball 2-2: Ground out U3 (Groundball, 3, EV 86.2 MPH) Cory Bonham to third
|
|
Batting: RHB Steve Jones
|
0-0: Ball 1-0: Swinging Strike 1-1: Ground out U3 (Groundball, 3L, EV 105.6 MPH)
|
| Top of the 7th over - 0 runs, 1 hit, 0 errors, 1 left on base; Reading 2 - Pensacola 0 |
| BOTTOM OF THE 7TH |
|
Pensacola Blue Wahoos batting - Pitching for Reading Fightin Phils : RHP Jeff Dailey
|
|
Batting: RHB Dusty Pollert
|
0-0: Ball 1-0: Ball 2-0: Ball 3-0: Base on Balls
|
|
Batting: RHB Jon Marquez
|
0-0: Called Strike 0-1: Foul Ball, location: 2F 0-2: Ball 1-2: Ball 2-2: Foul Ball, location: 2F 2-2: Strikes out looking
|
|
Batting: RHB Tim Wormell
|
0-0: Ball 1-0: Fielders Choice at 2nd, 4-6 (Groundball, 34, EV 80.6 MPH)
|
|
Batting: LHB Nick Nino
|
0-0: Ball 1-0: Called Strike Tim Wormell steals 2nd base 1-1: Called Strike 1-2: Foul Ball, location: 2F 1-2: Ball 2-2: Ball 3-2: Base on Balls
|
|
Pitching: RHP Alard Kraaijeveld
|
|
|
Batting: RHB Ryan Short
|
0-0: Ball 1-0: Ball 2-0: Ball 3-0: SINGLE (Groundball, 4MD, EV 99.4 MPH) Tim Wormell to third Nick Nino to second Runner from 3rd tries for Home, SAFE, throw by CF to home
|
|
Batting: RHB Ben Hinman
|
0-0: Ball 1-0: Fly out, F6 (Line Drive, 6M, EV 62.5 MPH)
|
| Bottom of the 7th over - 1 run, 1 hit, 0 errors, 2 left on base; Reading 2 - Pensacola 1 |
| TOP OF THE 8TH |
|
Reading Fightin Phils batting - Pitching for Pensacola Blue Wahoos : RHP Matt Johnson
|
|
Batting: RHB Chris Myers
|
0-0: Called Strike 0-1: Ground out 5-3 (Groundball, 56S, EV 84.4 MPH)
|
|
Batting: RHB Alan Weller
|
0-0: Called Strike 0-1: Called Strike 0-2: DOUBLE (Line Drive, 89D, EV 100.6 MPH)
|
|
Batting: LHB Josh George
|
0-0: Intentional Walk
|
|
Batting: RHB Matt McDevitt
|
0-0: Ball 1-0: Grounds into double play, 5-4-3 (Groundball, 15, EV 78.1 MPH)
|
| Top of the 8th over - 0 runs, 1 hit, 0 errors, 1 left on base; Reading 2 - Pensacola 1 |
| BOTTOM OF THE 8TH |
|
Pensacola Blue Wahoos batting - Pitching for Reading Fightin Phils : RHP Alard Kraaijeveld
|
|
Batting: RHB Matt Silva
|
0-0: SINGLE (Groundball, 56, EV 101.9 MPH) (infield hit)
|
|
Batting: RHB Kagetoki Kawai
|
0-0: Ball 1-0: Ball 2-0: Called Strike 2-1: Swinging Strike 2-2: Grounds into double play, 6-4-3 (Groundball, 6, EV 85.6 MPH)
|
|
Batting: SHB Bryan Johnston
|
0-0: Foul Ball, location: 2F 0-1: Called Strike 0-2: Ball 1-2: Ball 2-2: Foul Ball, location: 2F 2-2: Foul Ball, location: 2F 2-2: Foul Ball, location: 2F 2-2: Ball 3-2: SINGLE (Line Drive, 78S, EV 93.1 MPH)
|
|
Batting: RHB Dusty Pollert
|
0-0: Ball 1-0: Ball 2-0: Foul Ball, location: 2F 2-1: Foul Ball, location: 2F 2-2: Strikes out swinging
|
| Bottom of the 8th over - 0 runs, 2 hits, 0 errors, 1 left on base; Reading 2 - Pensacola 1 |
| TOP OF THE 9TH |
|
Reading Fightin Phils batting - Pitching for Pensacola Blue Wahoos : RHP Matt Johnson
|
|
Batting: LHB Rich Kuehne
|
0-0: Ball 1-0: Ball 2-0: Called Strike 2-1: SINGLE (Popup, 6MD, EV 62.5 MPH)
|
|
Pitching: RHP Manuel Avitia
|
|
|
Batting: RHB Seung-mun Kim
|
0-0: DOUBLE (Line Drive, 3D, EV 100.0 MPH) Rich Kuehne to third
|
|
Batting: RHB Cory Bonham
|
0-0: Intentional Walk
|
|
Batting: RHB Allen Deschamps
|
0-0: Ball 1-0: Called Strike 1-1: Ball 2-1: Fly out, F7 (Flyball, 78S, EV 83.8 MPH)
|
|
Batting: RHB Steve Jones
|
0-0: Ball 1-0: Called Strike 1-1: DOUBLE (Line Drive, 78D, EV 111.9 MPH) Rich Kuehne scores Seung-mun Kim scores Cory Bonham to third
|
|
Batting: RHB Chris Myers
|
0-0: Ball 1-0: Swinging Strike 1-1: Called Strike 1-2: Ball 2-2: Strikes out swinging
|
|
Batting: RHB Alan Weller
|
0-0: Foul Ball, location: 2F 0-1: SINGLE (Line Drive, 34, EV 102.5 MPH) Cory Bonham scores Steve Jones to third Runner from 3rd tries for Home, SAFE, throw by RF to home
|
|
Batting: LHB Josh George
|
0-0: Ball 1-0: Ball 2-0: Foul Ball, location: 2F 2-1: Foul Ball, location: 2F 2-2: Fielders Choice at 2nd, 5-4 (Groundball, 56, EV 85.0 MPH)
|
| Top of the 9th over - 4 runs, 4 hits, 0 errors, 1 left on base; Reading 6 - Pensacola 1 |
| BOTTOM OF THE 9TH |
|
Pensacola Blue Wahoos batting - Pitching for Reading Fightin Phils : RHP Alard Kraaijeveld
|
|
Batting: RHB Jon Marquez
|
0-0: Called Strike 0-1: Called Strike 0-2: Hit by Pitch
|
|
Batting: RHB Tim Wormell
|
0-0: SINGLE (Line Drive, 56D, EV 98.1 MPH) Jon Marquez to second
|
|
Batting: LHB Nick Nino
|
0-0: Fly out, F7 (Flyball, 7, EV 85.6 MPH)
|
|
Batting: RHB Ryan Short
|
0-0: Called Strike 0-1: Ball 1-1: Grounds into double play, 6-4-3 (Groundball, 6, EV 82.5 MPH)
|
| Bottom of the 9th over - 0 runs, 1 hit, 0 errors, 1 left on base; Reading 6 - Pensacola 1 |
|